 Dungeon Crawl Stone Soup version 0.27.1-34-g3ba077fa99 (webtiles) character file.

Game seed: 833977139094295718

68 Riddle the Slasher (level 4, -5/41 HPs)
             Began as a Gnoll Chaos Knight on Jan 19, 2022.
             Was a Plaything of Xom.
             Killed from afar by Sigmund (9 damage)
             ... with a puff of flame
             ... on level 2 of the Dungeon.
             The game lasted 00:02:27 (1907 turns).

Riddle the Slasher (Gnoll Chaos Knight)             Turns: 1907, Time: 00:02:28

Health: -5/41      AC:  5    Str: 12    XL:     4   Next: 19%
Magic:  5/5        EV: 11    Int: 12    God:    Xom [.*....]
Gold:   91         SH:  3    Dex: 11    Spells: 5/5 levels left

rFire    . . .     SeeInvis .   a - +0 falchion (chaos)
rCold    . . .     Faith    .   f - +0 buckler
rNeg     . . .     Spirit   .   b - +2 leather armour
rPois    .         Reflect  .   (no helmet)
rElec    .         Harm     .   (no cloak)
rCorr    .         Rampage  .   (no gloves)
Will     .....                  (no boots)
Stlth    +.........             (no amulet)
HPRegen  0.13/turn              (no ring)
MPRegen  0.09/turn              (no ring)

@: brilliant
A: fangs 1, strong nose, distributed training
a: Renounce Religion


You were on level 2 of the Dungeon.
You worshipped Xom.
You were a plaything of Xom.
You visited 1 branch of the dungeon, and saw 3 of its levels.

You collected 91 gold pieces.

Inventory:

Hand Weapons
 a - a +0 falchion of chaos (weapon)
Armour
 b - a +2 leather armour (worn)
 f - a +0 buckler (worn)
Jewellery
 e - a +6 ring of intelligence
Scrolls
 c - 2 scrolls of fog {unknown}
 i - a scroll of amnesia {unknown}
Potions
 d - 2 potions of cancellation {unknown}
 g - 4 potions of lignification {unknown}
 h - a potion of brilliance {unknown}


   Skills:
 + Level 6.6 Fighting
 + Level 1.0 Short Blades
 + Level 6.6 Long Blades
 + Level 1.0 Axes
 + Level 1.0 Maces & Flails
 + Level 1.0 Polearms
 + Level 1.0 Staves
 + Level 1.0 Slings
 + Level 1.0 Bows
 + Level 1.0 Crossbows
 + Level 1.0 Throwing
 + Level 4.6 Armour
 + Level 2.7 Dodging
 + Level 1.0 Stealth
 + Level 1.0 Shields
 + Level 1.0 Unarmed Combat
 + Level 1.0 Spellcasting
 + Level 0.8 Conjurations
 + Level 0.8 Hexes
 + Level 0.8 Summonings
 + Level 0.8 Necromancy
 + Level 0.8 Translocations
 + Level 0.8 Transmutations
 + Level 0.8 Fire Magic
 + Level 0.8 Ice Magic
 + Level 0.8 Air Magic
 + Level 0.8 Earth Magic
 + Level 0.8 Poison Magic
 + Level 1.1 Invocations
 + Level 1.0 Evocations


You had 5 spell levels left.
You didn't know any spells.
Your spell library contained the following spells:

 Spells                   Type           Power      Damage    Failure   Level
 Gell's Gravitas          Tloc           1%         N/A       75%         3
 Lesser Beckoning         Tloc           1%         N/A       75%         3
 Teleport Other           Tloc           3%         N/A       75%         3


Dungeon Overview and Level Annotations

Branches:
Dungeon (3/15)

Altars:
Uskayaw

Annotations:
D:2 Sigmund


Innate Abilities, Weirdness & Mutations

You have very sharp teeth.
Your uncanny sense of smell can sniff out nearby items.
Your experience applies equally to all skills.


Message History

You resist with some effort.
Sigmund hits you from afar with a +0 scythe!
You feel less confused. Sigmund gestures at you while chanting.
You are confused.
Sigmund points at you and mumbles some strange words.
You are more confused.
Sigmund screams, "Die, monster!"
You bump into the rock wall.
Xom's power touches on your mind for a moment.
Sigmund looks rather confused.
Sigmund drinks a potion.
Sigmund is healed!
Sigmund seems less confused.
You bump into the rock wall.
You bump into the rock wall.
Sigmund gestures at you while chanting.
You are more confused.
You bump into the rock wall.
Sigmund closely misses you.
You're too confused to move!
Sigmund misses you.
You bump into the rock wall.
Sigmund gestures wildly while chanting.
Sigmund flickers and vanishes!
Deactivating autopickup; reactivate with Ctrl-A.
A magic dart appears from out of thin air!
The magic dart hits you!
* * * LOW HITPOINT WARNING * * *
You bump into the rock wall.
Something tries to affect you, but you resist.
You're too confused to move!
A magic dart appears from out of thin air!
The magic dart hits you!
* * * LOW HITPOINT WARNING * * *
You feel less confused.
You hear some strange, mumbled words.
Something tries to affect you, but you resist.
There is an open door here.
You close the door.
Something unseen opens the door.
A puff of flame appears from out of thin air!
The puff of flame hits you!
You die...

#.. #.. #.. ######## #..
##......#############.
#.......'{....g.......
###########.......#############.
##.................# #.
................@..# #.
....##♣'♣##........# #.
..♣♣#.....#♣♣......# #.
..♣÷#..8..#÷♣......# ##########
#.♣♣#.....#♣♣......# #.........
#.♣.###'###P♣......# #.########
#.♣♣.P.....P♣......# #.# #.....
#.♣♣♣.P.P.P♣♣.###### #.# #.####
#..♣♣P..PP♣♣..# #.# #.#


There were no monsters in sight!

Vanquished Creatures
  An adder (D:3)
  A gnoll (D:3)
  4 dart slugs
  6 bats
  An endoplasm (D:1)
  2 giant cockroaches (D:1)
  5 goblins
  3 hobgoblins
  3 quokkas
  7 ball pythons
  3 kobolds (D:1)
  4 rats
40 creatures vanquished.

Notes
Turn   | Place    | Note
-------+----------+-------------------------------------------
     0 | D:1      | Riddle the Gnoll Chaos Knight began the quest for the Orb.
     0 | D:1      | Reached XP level 1. HP: 23/23 MP: 1/1
   113 | D:1      | Reached XP level 2. HP: 29/29 MP: 2/2
   512 | D:1      | XOM: silly message
   613 | D:1      | Reached XP level 3. HP: 35/35 MP: 3/3
  1084 | D:2      | XOM: silly message
  1126 | D:2      | Reached skill level 1 in Invocations
  1303 | D:2      | Found a faded altar of an unknown god.
  1421 | D:2      | XOM: silly message
  1434 | D:2      | Noticed Sigmund
  1477 | D:3      | XOM: divination: detect creatures
  1561 | D:3      | XOM: silly message
  1613 | D:3      | XOM: silly message
  1617 | D:3      | Reached skill level 1 in Short Blades
  1617 | D:3      | Reached skill level 1 in Axes
  1617 | D:3      | Reached skill level 1 in Maces & Flails
  1617 | D:3      | Reached skill level 1 in Polearms
  1617 | D:3      | Reached skill level 1 in Staves
  1617 | D:3      | Reached skill level 1 in Slings
  1617 | D:3      | Reached skill level 1 in Bows
  1617 | D:3      | Reached skill level 1 in Crossbows
  1617 | D:3      | Reached skill level 1 in Throwing
  1617 | D:3      | Reached skill level 1 in Stealth
  1617 | D:3      | Reached skill level 1 in Shields
  1617 | D:3      | Reached skill level 1 in Unarmed Combat
  1617 | D:3      | Reached skill level 1 in Spellcasting
  1617 | D:3      | Reached skill level 1 in Evocations
  1706 | D:3      | Reached XP level 4. HP: 41/41 MP: 5/5
  1802 | D:3      | Found a hide-covered altar of Uskayaw.
  1829 | D:3      | XOM: divination: detect items
  1839 | D:3      | XOM: silly message
  1857 | D:3      | XOM: noise
  1865 | D:3      | XOM: potion effect (brilliance)
  1870 | D:2      | XOM: confusion (+ monsters)
  1886 | D:2      | XOM: confuse monster(s)
  1907 | D:2      | Killed from afar by Sigmund

Illustrated notes

Levels and vault maps discovered:
D:1:      lemuel_arrival_hallway, layout_loops_ring
D:2:      layout_basic, dilly_ecumenical_altar_fadedgnrine, uniq_sigmund
D:3:      layout_basic, nicolae_uskayaw_murder_on_the_dancefloor,
          minmay_pentomino_pile

Skill      XL: |  1  2  3 |
---------------+----------+-----
Invocations    | 1 |  1.1
Short Blades   | 1 |  1.0
Axes           | 1 |  1.0
Maces & Flails | 1 |  1.0
Polearms       | 1 |  1.0
Staves         | 1 |  1.0
Slings         | 1 |  1.0
Bows           | 1 |  1.0
Crossbows      | 1 |  1.0
Throwing       | 1 |  1.0
Stealth        | 1 |  1.0
Shields        | 1 |  1.0
Unarmed Combat | 1 |  1.0
Spellcasting   | 1 |  1.0
Evocations     | 1 |  1.0
Fighting       | |  6.6
Long Blades    | |  6.6
Armour         | |  4.6
Dodging        | |  2.7
Conjurations   | |  0.8
Hexes          | |  0.8
Summonings     | |  0.8
Necromancy     | |  0.8
Translocations | |  0.8
Transmutations | |  0.8
Fire Magic     | |  0.8
Ice Magic      | |  0.8
Air Magic      | |  0.8
Earth Magic    | |  0.8
Poison Magic   | |  0.8

Action                   |  1- 3 |  4- 6 || total
-------------------------+-------+-------++-------
Melee: Falchion          |    87 |     6 ||    93
       Bite              |     8 |     1 ||     9
 Stab: Sleeping          |     1 |       ||     1
Armor: Leather armour    |    26 |     2 ||    28
Dodge: Dodged            |    54 |     8 ||    62
Block: Buckler           |     7 |     3 ||    10
       Rpst.: Falchion   |    19 |       ||    19
